AoeStats
← Jason

Arabian Desert

509616469Analyzed
1v1 RM · 4d ago on Sep 27, 2026· 56m 20s· 2 players
Game mode
Random Map
Map size
Tiny (2 player)
Population
200
Speed
Normal
Resources
Standard
Victory
Conquest
Starting age
Dark Age
Ending age
Imperial Age
RankedLock teamsTeams togetherTeam positionsShared explorationLock speedFull tech treeHidden civsTurbo modeCheats
Victory
Defeat
🇺🇸 Britons · United States
745
+14
🇨🇳 Poles · China
708
-14
帝国菜鸟
8:02 Loom
10:12 Feudal Age
10:58 Double-Bit Axe
22:17 Castle Age
21:58 Bloodlines
22:37 Scale Barding Armor
22:43 Forging
23:20 Husbandry
29:02 Chain Barding Armor
29:17 Iron Casting
29:08 Horse Collar
31:01 Heavy Plow
33:41 Padded Archer Armor
33:32 Fletching
35:24 Leather Archer Armor
36:13 Gold Mining
37:07 Wheelbarrow
36:17 Town Watch
40:17 Imperial Age
40:48 Scale Mail Armor
41:11 Szlachta Privileges
41:39 Light Cavalry
44:58 Winged Hussar
48:24 Blast Furnace
51:41 Elite Skirmisher
52:36 Heavy Mounted Crossbowman
Jason
10:18 Feudal Age
10:57 Double-Bit Axe
15:00 Forging
21:45 Castle Age
21:40 Gold Mining
23:02 Fletching
23:49 Crossbowman
24:52 Horse Collar
25:07 Pikeman
26:45 Squires
31:17 Bow Saw
36:29 Imperial Age
35:08 Wheelbarrow
36:16 Bodkin Arrow
37:23 Hand Cart
37:50 Hand Cart
38:08 Halberdier
38:17 Arbalester
41:09 Two-Man Saw
40:13 Heavy Plow
40:16 Bracer
46:06 Chemistry
45:26 Ballistics
46:00 Masonry
47:50 Yeomen
48:21 Siege Engineers
49:41 Arson
50:46 Warwolf
51:21 Padded Archer Armor
51:57 Iron Casting
51:23 Scale Mail Armor
Connection lost

Rejoining the realm…

Still unreachable

The connection could not be restored.

Session expired

The server has moved on; the page needs a fresh start.